 Dungeon Crawl Stone Soup version 0.29.0-4-gdea44cf6ec (webtiles) character file.

Game seed: 18279483752996691911

3192 qw the Cleaver (level 9, -1/57 HPs)
             Began as a Gargoyle Fighter on Sept 6, 2022.
             Was a Believer of Okawaru.
             Slain by a very large slime creature (14 damage)
             ... on level 8 of the Dungeon.
             The game lasted 00:02:43 (6637 turns).

qw the Cleaver (Gargoyle Fighter)                   Turns: 6637, Time: 00:02:43

Health: -1/57      AC: 24    Str: 30    XL:     9   Next: 96%
Magic:  10/12      EV: 13    Int:  9    God:    Okawaru [**....]
Gold:   408        SH:  6    Dex:  9    Spells: 8/8 levels left

rFire   . . .      SeeInvis .   Y - +4 war axe (pain)
rCold   . . .      Faith    .   c - +0 buckler
rNeg    + . .      Spirit   .   q - +0 plate armour
rPois   inf        Reflect  .   (no helmet)
rElec   +          Harm     .   i - +2 cloak
rCorr   .          Rampage  .   (no gloves)
Will    .....                   (no boots)
Stlth   ..........              (no amulet)
HPRegen 0.19/turn               g - +6 ring of strength
MPRegen 0.13/turn               s - +4 ring of evasion

@: about to teleport, heroic
A: sickness immunity, AC +6, negative energy resistance 1, electricity
resistance, torment resistance 1, petrification resistance
a: Renounce Religion, Heroism


You were on level 8 of the Dungeon.
You worshipped Okawaru.
Okawaru was pleased with you.
You visited 2 branches of the dungeon, and saw 9 of its levels.

You collected 408 gold pieces.


Innate Abilities, Weirdness & Mutations

You are immune to sickness and miasma.
Your stone body is resilient. (AC +6)
You are immune to poison.
You resist negative energy. (rN+)
You are resistant to electric shocks. (rElec)
You are resistant to unholy torment.
You are immune to petrification.


   Skills:
 - Level 7.0(12.0) Fighting
 - Level 10.0(15.0) Axes
 - Level 1.1(6.1) Throwing
 + Level 4.3(9.3) Armour
 - Level 1.2(6.2) Dodging
 - Level 4.4(9.4) Shields
 - Level 4.2 Invocations


You had 8 spell levels left.
You didn't know any spells.
Your spell library was empty.

Inventory:

Hand Weapons
 r - a +0 flail
 Y - a +4 war axe of pain (weapon)
Missiles
 j - 7 boomerangs (quivered)
Armour
 c - a +0 buckler (worn)
 i - a +2 cloak (worn)
 q - a +0 plate armour (worn)
Jewellery
 g - a +6 ring of strength (left hand)
 s - a +4 ring of evasion (right hand)
Scrolls
 b - a scroll of identify
Potions
 a - a potion of lignification
 d - a potion of might
 e - 2 potions of attraction
 h - a potion of heal wounds
 l - a potion of resistance
 m - a potion of berserk rage {unknown}
 n - a potion of brilliance {unknown}
 o - a potion of haste {unknown}
 p - 2 potions of curing
 w - a potion of ambrosia {unknown}
 x - a potion of mutation {unknown}

Dungeon Overview and Level Annotations

Branches:
Dungeon (8/15)             Temple (1/1) D:5
   Lair: D:8-11

Altars:
Ashenzari
Cheibriados
Dithmenos
Elyvilon
Fedhas
Hepliaklqana
Kikubaaqudgha
Makhleb
Nemelex Xobeh
Okawaru
Qazlal
Ru
Sif Muna
Trog
Uskayaw
Vehumet
Wu Jian
Xom
Yredelemnul
Zin
The Shining One

Shops:
D:2 [   D:6 :

Annotations:
D:7 3 runed translucent doors, qw's ghost, novice MiBe


Message History

What level of the Dungeon? (default 1, ? - help)
There is a stone staircase leading down here.
You climb downwards.
There is a stone staircase leading up here.
Existing waypoints: (1) D:6 (2) D:7 Assign waypoint to what number? (0-9, D - delete waypoint) Waypoint 1 re-assigned from D:6 to D:8.
You now have 408 gold pieces (gained 13). 4 slime creatures come into view.
The slime creature quivers. x3
Two slime creatures merge to form a large slime creature. x2
Enter note: You hit the large slime creature but do no damage.
A large slime creature splits.
You barely miss the slime creature. x2
Two slime creatures merge to form a very large slime creature.
The slime creature hits you but does no damage.
6633 ||| INVOKING Heroism.
You gain the combat prowess of a mighty hero.
The slime creature hits you but does no damage.
You slice the very large slime creature!!
The very large slime creature is lightly wounded.
You barely miss the slime creature.
You hit the very large slime creature but do no damage.
The very large slime creature is lightly wounded.
You hit the slime creature. The very large slime creature hits you!
The slime creature hits you but does no damage.
You slice the very large slime creature!!
The very large slime creature is moderately wounded.
You hit the slime creature.
The very large slime creature hits you!!
Ouch! That really hurt!
The slime creature completely misses you.
6637 ||| READING scroll of teleportation.
As you read the scroll of teleportation, it crumbles to dust.
You feel strangely unstable. The very large slime creature hits you!
You die...

#.#... #.#
#.#.#######.#
#.........#.#
#.#.#####.#.#
#.#.#...#.#.####
#.#.#........<.#
#.#.#######.####
#.#.........#
#@###########
#JJ.....#
..#####.# ####


You could see a very large slime creature and a slime creature.

Vanquished Creatures
  A wizard (D:7)
  Grinder (D:5)
  A steam dragon (D:7)
  Menkaure (D:5)
  2 water moccasins
  An orc warrior (D:7)
  2 ice beasts (D:5)
  A black bear (D:5)
  3 ogres
  A phantom (D:7)
  A kobold brigand (D:7)
  4 bullfrogs
  4 scorpions
  2 necrophages
  5 hounds
  2 orc priests
  A jelly (D:6)
  A gnoll bouda (D:7)
  2 iguanas
  Natasha (twice) (D:2)
  2 orc wizards
  5 adders
  5 gnolls (D:7)
  3 white imps
  An ufetubus (D:4)
  3 dart slugs
  24 orcs
  5 ball pythons
  3 endoplasms
  7 giant cockroaches
  8 hobgoblins
  6 quokkas
  8 bats
  4 frilled lizards
  3 goblins
  A goblin zombie (D:6)
  6 kobolds
  A quokka zombie (D:6)
  7 rats
140 creatures vanquished.

Notes
Turn   | Place    | Note
-------+----------+-------------------------------------------
     0 | D:1      | qw the Gargoyle Fighter began the quest for the Orb.
     0 | D:1      | Reached XP level 1. HP: 14/14 MP: 1/1
     0 | D:1      | 0 ||| qw: Version: 0.1-a-108-g9e35731
     0 | D:1      | 0 ||| qw: Game counter: 6216
     0 | D:1      | 0 ||| qw: Always use a shield: true
     0 | D:1      | 0 ||| qw: God list: Okawaru
     0 | D:1      | 0 ||| qw: Allow faded altars: false
     0 | D:1      | 0 ||| qw: Do Orc after D:15 true
     0 | D:1      | 0 ||| qw: Do second Lair branch before Depths: true
     0 | D:1      | 0 ||| qw: Lair rune preference: random
     0 | D:1      | 0 ||| qw: Plans: Normal, Zot, God:TSO, Crypt, Tomb, Zig,
                  | Orb
     0 | D:1      | 0 ||| PLANNING D:1-11
    62 | D:1      | Reached skill level 2 in Axes
   141 | D:1      | Reached XP level 2. HP: 19/19 MP: 2/2
   717 | D:1      | 717 ||| UPGRADING to +2 cloak.
   722 | D:1      | 722 ||| READING scroll labelled YCAULAAFIL.
   723 | D:1      | 723 ||| READING scroll labelled YZY JYANKAXUTI.
   724 | D:1      | 724 ||| READING scroll labelled MINIXK FINOBIUXU.
   763 | D:2      | Noticed Natasha
   764 | D:2      | Noticed a crimson imp
   764 | D:2      | 764 ||| Stepping ~*~*~tactically~*~*~ (hiding).
   769 | D:2      | Noticed a crimson imp
   771 | D:2      | Noticed a crimson imp
   781 | D:2      | Killed Natasha
   782 | D:2      | Reached skill level 3 in Axes
   782 | D:2      | Reached XP level 3. HP: 23/23 MP: 3/3
  1010 | D:2      | Reached XP level 4. HP: 28/28 MP: 4/4
  1020 | D:2      | Noticed Natasha
  1021 | D:2      | 1021 ||| Stepping ~*~*~tactically~*~*~ (stealth).
  1023 | D:2      | 1023 ||| Stepping ~*~*~tactically~*~*~ (stealth).
  1025 | D:2      | 1025 ||| Stepping ~*~*~tactically~*~*~ (stealth).
  1078 | D:2      | 1078 ||| Stepping ~*~*~tactically~*~*~ (hiding).
  1089 | D:2      | Killed Natasha
  1090 | D:2      | Reached skill level 4 in Axes
  1426 | D:2      | 1426 ||| Stepping ~*~*~tactically~*~*~ (stealth).
  1427 | D:2      | 1427 ||| Stepping ~*~*~tactically~*~*~ (stealth).
  1708 | D:2      | 1708 ||| Stepping ~*~*~tactically~*~*~ (stealth).
  1719 | D:2      | Found Perchiug's Antique Armour Boutique.
  1728 | D:2      | 1728 ||| SHOPLISTING heavily runed buckler (266 gold, have
                  | 66).
  1728 | D:2      | 1728 ||| SHOPLISTING kite shield (126 gold, have 66).
  1728 | D:2      | 1728 ||| SHOPLISTING pair of gloves (126 gold, have 66).
  1728 | D:2      | 1728 ||| SHOPLISTING smoking helmet (266 gold, have 66).
  1821 | D:2      | 1821 ||| UPGRADING to +3 chain mail.
  1831 | D:2      | 1831 ||| DROPPING +0 scale mail.
  1832 | D:2      | 1832 ||| READING scroll labelled RUNAEC OGEY.
  1832 | D:2      | Identified a scroll of acquirement
  1832 | D:2      | 1832 ||| ACQUIRING +3 war axe of pain
  1832 | D:2      | Acquired a +3 war axe of pain
  1834 | D:2      | 1834 ||| SWAPPING to +3 war axe of pain.
  1835 | D:2      | 1835 ||| DROPPING +0 war axe.
  1836 | D:2      | 1836 ||| READING scroll labelled HYNEGU IRESKO.
  1837 | D:2      | 1837 ||| READING scroll labelled KOETUY XEEXI.
  2062 | D:3      | 2062 ||| Stepping ~*~*~tactically~*~*~ (hiding).
  2171 | D:3      | 2171 ||| DROPPING +0 club.
  2226 | D:3      | 2226 ||| Stepping ~*~*~tactically~*~*~ (hiding).
  2360 | D:3      | 2360 ||| READING scroll labelled VITIOCH SONLO.
  2361 | D:3      | 2361 ||| DRINKING 2 dark potions.
  2362 | D:3      | 2362 ||| DRINKING 2 bubbling pink potions.
  2363 | D:3      | 2363 ||| READING scroll of teleportation.
  2496 | D:3      | 2496 ||| Stepping ~*~*~tactically~*~*~ (hiding).
  2505 | D:3      | Reached XP level 5. HP: 32/32 MP: 5/5
  2518 | D:3      | HP: 8/32 [something (2)]
  2522 | D:3      | 2522 ||| DRINKING potion of curing.
  2522 | D:3      | 2522 ||| (to cure confusion)
  2540 | D:3      | Reached skill level 5 in Axes
  2945 | D:3      | 2945 ||| UPGRADING to +6 ring of strength.
  2946 | D:3      | 2946 ||| READING scroll labelled ZOCARO RENWONG.
  3065 | D:4      | Reached XP level 6. HP: 31/38 MP: 6/6
  3227 | D:4      | 3227 ||| Stepping ~*~*~tactically~*~*~ (stealth).
  3229 | D:4      | 3229 ||| Stepping ~*~*~tactically~*~*~ (hiding).
  3230 | D:4      | 3230 ||| Stepping ~*~*~tactically~*~*~ (hiding).
  3328 | D:4      | Found a sacrificial altar of Ru.
  3620 | D:4      | Found a glowing golden altar of the Shining One.
  3865 | D:4      | 3865 ||| READING 4 scrolls of identify.
  3865 | D:4      | 3865 ||| IDENTIFYING bubbling orange potion
  3866 | D:4      | 3866 ||| READING 3 scrolls of identify.
  3866 | D:4      | 3866 ||| IDENTIFYING silvery potion
  3867 | D:4      | 3867 ||| READING 2 scrolls of identify.
  3867 | D:4      | 3867 ||| IDENTIFYING bubbling puce potion
  3886 | D:5      | Entered Level 5 of the Dungeon
  3886 | D:5      | Noticed a water moccasin
  3892 | D:5      | Killed a water moccasin
  3893 | D:5      | Reached skill level 6 in Axes
  3893 | D:5      | Reached XP level 7. HP: 43/43 MP: 7/7
  3937 | D:5      | Reached skill level 1 in Dodging
  3986 | D:5      | Noticed Grinder
  3987 | D:5      | 3987 ||| Stepping ~*~*~tactically~*~*~ (hiding).
  3989 | D:5      | 3989 ||| Stepping ~*~*~tactically~*~*~ (hiding).
  3994 | D:5      | Paralysed by Grinder for 3 turns
  3997 | D:5      | 3997 ||| Stepping ~*~*~tactically~*~*~ (hiding).
  4012 | D:5      | Killed Grinder
  4013 | D:5      | Reached skill level 7 in Axes
  4142 | D:5      | Noticed Menkaure
  4148 | D:5      | Killed Menkaure
  4149 | D:5      | Reached XP level 8. HP: 39/49 MP: 8/8
  4217 | D:5      | 4217 ||| Stepping ~*~*~tactically~*~*~ (stealth).
  4217 | D:5      | Found a staircase to the Ecumenical Temple.
  4218 | D:5      | 4218 ||| PLANNING TEMPLE
  4218 | D:5      | 4218 ||| UPGRADING to amulet of guardian spirit.
  4227 | D:5      | 4227 ||| Stepping ~*~*~tactically~*~*~ (stealth).
  4238 | Temple   | Entered the Ecumenical Temple
  4239 | Temple   | 4239 ||| PLANNING D:1-11
  4322 | D:5      | Reached skill level 1 in Throwing
  4621 | D:5      | Reached skill level 8 in Axes
  4700 | D:5      | 4700 ||| Stepping ~*~*~tactically~*~*~ (hiding).
  4752 | D:5      | 4752 ||| DROPPING +0 whip.
  4807 | D:5      | Found a shimmering altar of Xom.
  4881 | D:5      | 4881 ||| READING scroll labelled CUMEKY DAVAM.
  4913 | D:6      | Found Iruxkoet's Book Shoppe.
  4914 | D:6      | 4914 ||| PLANNING OSSUARY
  4917 | D:6      | 4917 ||| STAIRDANCE
  4924 | D:6      | 4924 ||| STAIRDANCE
  4937 | D:5      | Reached skill level 6 in Fighting
  5018 | D:6      | 5018 ||| STAIRDANCE
  5026 | D:6      | 5026 ||| STAIRDANCE
  5032 | D:6      | 5032 ||| STAIRDANCE
  5060 | D:6      | 5060 ||| STAIRDANCE
  5066 | D:6      | 5066 ||| STAIRDANCE
  5250 | D:6      | Found a shadowy altar of Dithmenos.
  5250 | D:6      | Found an iron altar of Okawaru.
  5255 | D:6      | Became a worshipper of Warmaster Okawaru
  5256 | D:6      | 5256 ||| REMOVING amulet of guardian spirit.
  5426 | D:6      | Reached skill level 9 in Axes
  5540 | D:6      | 5540 ||| RIP OSSUARY
  5541 | D:6      | 5541 ||| PLANNING D:1-11
  5542 | D:6      | Reached XP level 9. HP: 56/56 MP: 9/9
  5576 | D:6      | 5576 ||| Stepping ~*~*~tactically~*~*~ (stealth).
  5579 | D:6      | 5579 ||| Stepping ~*~*~tactically~*~*~ (hiding).
  5581 | D:6      | 5581 ||| Stepping ~*~*~tactically~*~*~ (hiding).
  5896 | D:6      | 5896 ||| DROPPING amulet of guardian spirit.
  5897 | D:6      | 5897 ||| DROPPING ring of ice.
  5898 | D:6      | 5898 ||| UPGRADING to +4 ring of evasion.
  5899 | D:6      | 5899 ||| READING scroll labelled MEMMIH QE QOANG.
  5933 | D:7      | 5933 ||| Stepping ~*~*~tactically~*~*~ (stealth).
  5934 | D:7      | 5934 ||| Stepping ~*~*~tactically~*~*~ (stealth).
  5936 | D:7      | 5936 ||| Stepping ~*~*~tactically~*~*~ (stealth).
  5937 | D:7      | 5937 ||| Stepping ~*~*~tactically~*~*~ (stealth).
  5949 | D:7      | Reached * piety under Okawaru
  5950 | D:7      | 5950 ||| INVOKING Heroism.
  6078 | D:7      | Noticed a wizard
  6079 | D:7      | 6079 ||| INVOKING Heroism.
  6081 | D:7      | 6081 ||| Stepping ~*~*~tactically~*~*~ (hiding).
  6082 | D:7      | 6082 ||| Stepping ~*~*~tactically~*~*~ (hiding).
  6083 | D:7      | 6083 ||| Stepping ~*~*~tactically~*~*~ (hiding).
  6088 | D:7      | Reached skill level 1 in Invocations
  6090 | D:7      | 6090 ||| INVOKING Heroism.
  6097 | D:7      | Killed a wizard
  6097 | D:7      | Reached ** piety under Okawaru
  6098 | D:7      | Reached skill level 3 in Invocations
  6218 | D:7      | 6218 ||| Stepping ~*~*~tactically~*~*~ (hiding).
  6224 | D:7      | 6224 ||| INVOKING Heroism.
  6271 | D:7      | Found a runed translucent gate.
  6273 | D:7      | Found a runed translucent gate.
  6274 | D:7      | Found a runed translucent gate.
  6276 | D:7      | Noticed qw's ghost (novice MiBe)
  6325 | D:7      | Found a glowing silver altar of Zin.
  6400 | D:7      | Found a flagged portal.
  6401 | D:7      | 6401 ||| INVOKING Heroism.
  6444 | D:7      | 6444 ||| Stepping ~*~*~tactically~*~*~ (stealth).
  6445 | D:7      | 6445 ||| Stepping ~*~*~tactically~*~*~ (stealth).
  6447 | D:7      | 6447 ||| Stepping ~*~*~tactically~*~*~ (stealth).
  6448 | D:7      | 6448 ||| Stepping ~*~*~tactically~*~*~ (stealth).
  6459 | D:7      | 6459 ||| Stepping ~*~*~tactically~*~*~ (stealth).
  6466 | D:7      | Reached skill level 10 in Axes
  6588 | D:7      | 6588 ||| UPGRADING to +0 plate armour.
  6598 | D:7      | 6598 ||| DROPPING +3 chain mail.
  6599 | D:7      | 6599 ||| DROPPING scarf of invisibility.
  6600 | D:7      | 6600 ||| READING 2 scrolls of identify.
  6600 | D:7      | 6600 ||| IDENTIFYING cyan potion
  6601 | D:7      | 6601 ||| DROPPING potion of flight.
  6602 | D:7      | 6602 ||| DROPPING potion of degeneration.
  6633 | D:8      | 6633 ||| INVOKING Heroism.
  6636 | D:8      | HP: 12/57 [very large slime creature (35)]
  6637 | D:8      | 6637 ||| READING scroll of teleportation.
  6637 | D:8      | Slain by a very large slime creature

Levels and vault maps discovered:
D:1:      dpeg_arrival_houses_and_road, layout_loops_cross
D:2:      layout_loops_ring, serial_shops, nicolae_shop_crystal, uniq_natasha
D:3:      layout_rooms, serial_co_window_serial, co_window_cross_1,
          co_window_corner_a, co_window_paths_a, co_window_of_opportunity_a,
          co_window_paths_a, co_window_corner_a, co_window_paths_a,
          co_window_paths_a, co_window_of_opportunity_a, co_window_2corner,
          co_window_cross_3, co_window_2corner, co_window_corner_b,
          co_window_paths_e, glass_columns_c, glass_columns_a, feat_on_display
D:4:      layout_basic, lemuel_crystal_altar, amcnicky_altar_gilded
D:5:      layout_loops_ring, xom_teletrap_fun, minmay_temple_entry_antechambers,
          uniq_grinder, uniq_menkaure
D:6:      layout_basic, gammafunk_temple_overflow_statue, serial_shops, shop,
          enter_ossuary_4, st_stairs_1, chequers_jeans
D:7:      cheibrodos_wizards_tower, layout_rooms, mainiacjoe_overflow_alcove_1,
          gammafunk_ghost_necromancy, enter_bailey_7
D:8:      layout_basic, grunt_gozag_statues, uniq_grum, uniq_amaemon, uniq_erica
Temple:   nicolae_temple_no_exploring_needed

Skill      XL: |  1  2  3  4  5  6  7  8  9 |
---------------+----------------------------+-----
Axes           | 2 3 4 5 6 7 9 10 | 10.0
Fighting       | 4 5 6 7 |  7.0
Dodging        | 1 |  1.2
Throwing       | 1 |  1.1
Armour         | 4 |  4.3
Shields        | 4 |  4.4
Invocations    | 4 |  4.2

Action                   |  1- 3 |  4- 6 |  7- 9 || total
-------------------------+-------+-------+-------++-------
Melee: War axe           |    97 |   151 |   201 ||   449
Throw: Boomerang         |       |     7 |    30 ||    37
Invok: Heroism           |       |       |     6 ||     6
  Use: Scroll            |     3 |     9 |     4 ||    16
       Potion            |       |     3 |       ||     3
Armor: Scale mail        |    50 |    31 |       ||    81
       Chain mail        |       |    94 |   100 ||   194
       Plate armour      |       |       |     3 ||     3
Dodge: Dodged            |    64 |    57 |    85 ||   206
Block: Buckler           |    22 |    26 |    31 ||    79

Table legend:
 A = Non-vault XP
 B = Vault XP
 C = Vault XP percentage of total XP
 D = Non-vault monster count
 E = Vault monster count
 F = Vault count percentage of total count
                 A         B        C        D         E       F
            +---------+---------+-------+---------+---------+-------
      Total |    3284 |    1276 |  28.0 |     128 |      12 |   8.6
            +---------+---------+-------+---------+---------+-------
        D:1 |      27 |       0 |   0.0 |      17 |       0 |   0.0
        D:2 |      74 |      35 |  32.1 |      19 |       1 |   5.0
        D:3 |     116 |       0 |   0.0 |      18 |       0 |   0.0
        D:4 |     220 |       0 |   0.0 |      14 |       0 |   0.0
        D:5 |    1173 |     462 |  28.3 |      30 |       2 |   6.2
        D:6 |     373 |      47 |  11.2 |       6 |       4 |  40.0
        D:7 |    1301 |     732 |  36.0 |      24 |       5 |  17.2
            +---------+---------+-------+---------+---------+-------
